 Dungeon Crawl Stone Soup version 0.31.0-9-g3a7656b989 (webtiles) character file.

Game seed: 17588432088615123036

1318 Arcadio the Trooper (level 8, -3/59 (65) HPs)
             Began as a Human Monk on Jan 24, 2024.
             Slain by a killer bee simulacrum (6 damage)
             ... on level 5 of the Dungeon.
             The game lasted 00:07:16 (3374 turns).

Arcadio the Trooper (Human Monk)                    Turns: 3374, Time: 00:07:17

HP:   -3/59 (65)    AC:  7    Str: 11    XL:     8   Next: 59%
MP:   8/8           EV: 13    Int: 17    God:
Gold: 166           SH:  0    Dex: 16    Spells: 7/7 levels left

rFire   . . .        w - +10 war axe of Conscience {freeze, rN+ Will+ Dex-2}
rCold   . . .        d - orb {light}
rNeg    + . .        f - +0 ring mail
rPois   .            (no helmet)
rElec   .            (no cloak)
rCorr   +            x - +0 pair of gloves
SInv    .            D - +0 pair of boots
Will    +....        v - amulet of faith Stlth
                     m - ring of resist corrosion
HPRegen 0.29/turn    C - +6 ring of intelligence
MPRegen 0.11/turn

%: faith
@: confused, ambrosia-drunk, glowing, drained
A: explore regen
a: no special abilities


You were on level 5 of the Dungeon.
You visited 1 branch of the dungeon, and saw 5 of its levels.

You collected 218 gold pieces.
You spent 52 gold pieces at shops.

Inventory:

Hand Weapons
 a - a +0 falchion
 s - a +0 falchion of freezing
 w - the +10 war axe of Conscience (weapon) {freeze, rN+ Will+ Dex-2}
   (You found it on level 3 of the Dungeon)

   Dex-2:     It affects your dexterity (-2).
   rN+:       It protects you from negative energy.
   Will+:     It increases your willpower.
 B - a +0 scimitar
Armour
 b - a +0 robe
 d - an orb of light (worn)
 f - a +0 ring mail (worn)
 p - a +0 plate armour
 x - a +0 pair of gloves (worn)
 D - a +0 pair of boots (worn)
Jewellery
 g - an amulet of guardian spirit
 m - a ring of resist corrosion (left hand)
 v - an amulet of faith (around neck)
 C - a +6 ring of intelligence (right hand)
Wands
 y - a wand of polymorph (3)
Scrolls
 i - 2 scrolls of poison
 n - a scroll of blinking
 o - 2 scrolls of brand weapon
 q - 2 scrolls of amnesia
 r - a scroll of identify
 u - a scroll of teleportation {unknown}
 A - a scroll of fog {unknown}
 E - a scroll of fear {unknown}
Potions
 e - a potion of might
 h - a potion of cancellation {unknown}
 j - a potion of mutation {unknown}
 k - a potion of heal wounds {unknown}
 l - 3 potions of curing
 t - a potion of degeneration {unknown}
 z - a potion of berserk rage {unknown}


   Skills:
 + Level 6.6 Fighting
 - Level 4.8 Long Blades
 + Level 4.1 Axes
 + Level 6.5 Dodging


You had 7 spell levels left.
You didn't know any spells.
Your spell library contained the following spells:

 Spells                   Type           Power      Damage    Failure   Level
 Ozocubu's Armour         Ice            0%         N/A       86%         3
 Leda's Liquefaction      Alch/Erth      0%         N/A       99%         4
 Lee's Rapid Deconstruct  Erth           0%         3d4*      100%        5
 Metabolic Englaciation   Hex/Ice        0%         N/A       100%        5
 Summon Mana Viper        Hex/Summ       0%         N/A       100%        5
 Bombard                  Conj/Erth      0%         9d1       100%        6
 Sculpt Simulacrum        Ice/Alch       0%         N/A       100%        6
 Malign Gateway           Summ/Tloc      0%         N/A       100%        7
 Summon Hydra             Summ           0%         N/A       100%        7


Dungeon Overview and Level Annotations

Branches:
Dungeon (5/15)
 Temple: D:4-7

Altars:
Makhleb
Uskayaw
Zin

Shops:
D:3 ?

Annotations:
D:4 3 runed translucent doors, p0werm0de's ghost, amateur BaCK


Innate Abilities, Weirdness & Mutations

You regain HP and MP as you explore.


Message History

You hit the wight but do no damage.
The wight is severely damaged.
The wight hits you with a +0 long sword.
You partially resist.
You feel drained.
You barely miss the wight.
The wight is severely damaged.
The wight hits you but does no damage.
You slash the wight!
You destroy the wight!
The wight barely misses you.
A killer bee simulacrum comes into view.
You hit the wight.
The wight is moderately damaged.
The wight hits you with a +0 hand axe.
You completely miss the wight.
The wight is moderately damaged.
The wight hits you but does no damage.
The killer bee simulacrum hits you but does no damage.
You barely miss the killer bee simulacrum.
You slash the wight!
The killer bee simulacrum hits you but does no damage.
The wight hits you with a +0 hand axe. You partially resist.
You feel drained.
The killer bee simulacrum barely misses you.
The wight barely misses you. The killer bee simulacrum hits you.
The killer bee simulacrum freezes you!
Blink to where?
Press: ? - help, Dir - move target
As you read the scroll of blinking, it crumbles to dust.
The killer bee simulacrum attacks as it pursues you!
The killer bee simulacrum hits you. The killer bee simulacrum freezes you!
* * * LOW HITPOINT WARNING * * *
The killer bee simulacrum hits you.
* * * LOW HITPOINT WARNING * * *
The killer bee simulacrum freezes you.
* * * LOW HITPOINT WARNING * * *
You are confused.
You feel invigorated. The killer bee simulacrum hits you.
* * * LOW HITPOINT WARNING * * *
The killer bee simulacrum freezes you.
You die...

....>..............#
#......8..
..>#............#..#
#.........
..............#.#..##
##.#......
#.............#.#...##
#.###.###
...#.................# #.....#
#..###........#..###.# ###.###
♣♣###.........##.# #.# #.#
#.........##.# #.# #.#
#.........##@# #.## #.# .
#.........##Z# #..# #.## ..
#.........##.####.#####..#
...♣♣♣♣♣.....###...##.....##.#
.......♣♣...## ###.####.#.##.#
♣.......♣#########.#####...#.#
♣ ♣......z)zz.Z......# #...###
# ♣♣♣♣♣..Z######...######+.#.#
##### #...####.....###


You could see a killer bee simulacrum.

Vanquished Creatures
  A chaos spawn (D:3)
  A water moccasin (D:5)
  An ice beast (D:5)
  An orc warrior (D:3)
  2 necrophages (D:5)
  A scorpion (D:5)
  A wight (D:5)
  A spectral bullfrog (D:5)
  2 centaur zombies (D:5)
  3 bombardier beetles (D:5)
  A bullfrog zombie (D:5)
  4 hounds
  A centaur skeleton (D:5)
  Ijyb (D:3)
  An iguana (D:5)
  An orc wizard (D:3)
  A hound zombie (D:5)
  A hound skeleton (D:5)
  2 howler monkey zombies (D:5)
  7 adders
  A gnoll (D:3)
  A dart slug (D:2)
  A ribbon worm (D:3)
  8 orcs
  5 bats
  11 endoplasms
  2 giant cockroaches
  6 goblins
  6 hobgoblins
  8 jackals
  8 kobolds
  3 quokkas
  8 ball pythons
  7 frilled lizards
  7 rats
116 creatures vanquished.

Notes
Turn   | Place    | Note
-------+----------+-------------------------------------------
     0 | D:1      | Arcadio the Human Monk began the quest for the Orb.
     0 | D:1      | Reached XP level 1. HP: 18/18 MP: 1/1
   127 | D:1      | Reached XP level 2. HP: 24/24 MP: 0/2
   383 | D:1      | Reached XP level 3. HP: 29/29 MP: 3/3
  1034 | D:2      | Reached XP level 4. HP: 15/37 MP: 1/4
  1404 | D:3      | Identified the +10 war axe of Conscience {freeze, rN+ Will+
                  | Dex-2}
  1454 | D:3      | Got the Vademecum on the Mob
  1502 | D:3      | Noticed Ijyb
  1574 | D:3      | Killed Ijyb
  1575 | D:3      | Reached XP level 5. HP: 42/42 MP: 5/5
  1678 | D:3      | Found a hide-covered altar of Uskayaw.
  1681 | D:3      | Noticed a +0 hand axe
  1682 | D:3      | Noticed a +0 hand axe
  1711 | D:3      | Found Uxaifray's Magic Scroll Shoppe.
  1722 | D:3      | Bought a scroll of identify for 26 gold pieces
  1722 | D:3      | Bought a scroll of identify for 26 gold pieces
  1736 | D:3      | Noticed an orc warrior
  1743 | D:3      | Killed an orc warrior
  1744 | D:3      | Reached XP level 6. HP: 12/49 MP: 6/6
  1912 | D:3      | Noticed Grinder
  1913 | D:3      | Grinder changed into Grinder the chaos spawn
  1913 | D:3      | Noticed Grinder
  1921 | D:3      | Killed Grinder the chaos spawn
  2166 | D:4      | Found a runed translucent gate.
  2166 | D:4      | Found a runed translucent gate.
  2166 | D:4      | Found a runed translucent gate.
  2167 | D:4      | Noticed p0werm0de's ghost (amateur BaCK)
  2424 | D:4      | Reached skill level 5 in Fighting
  2582 | D:5      | Entered Level 5 of the Dungeon
  2588 | D:5      | Reached skill level 5 in Dodging
  2588 | D:5      | Reached XP level 7. HP: 56/56 MP: 7/7
  2596 | D:5      | Reached skill level 1 in Axes
  2865 | D:5      | Found a burning altar of Makhleb.
  2867 | D:5      | Noticed an Executioner
  2873 | D:5      | Found a glowing silver altar of Zin.
  2873 | D:5      | Noticed an angel
  2955 | D:5      | Reached XP level 8. HP: 56/64 MP: 8/8
  3372 | D:5      | HP: 1/59 [killer bee simulacrum (4)]
  3374 | D:5      | Slain by a killer bee simulacrum

Illustrated notes

Levels and vault maps discovered:
D:1:      dpeg_arrival_solitude, layout_basic
D:2:      layout_rooms
D:3:      layout_loops_ring, dancing_weapons_uskayaw, serial_shops,
          nicolae_shop_gibbet_a_chance, minmay_ruptured, uniq_grinder, uniq_ijyb
D:4:      layout_rooms, ebering_ghost_rock_garden
D:5:      layout_rooms, grunt_temple_overflow_order_and_chaos_2, serial_undead,
          serial_undead_d, serial_undead_d, serial_undead_e, serial_undead_a,
          dilly_guarded_unrand_morg

Skill      XL: |  1  2  3  4  5  6  7  8 |
---------------+-------------------------+-----
Fighting       | 4 5 6 |  6.6
Dodging        | 4 5 6 |  6.5
Long Blades    | 4 |  4.8
Axes           | 2 4 |  4.1

Action                     |  1- 3 |  4- 6 |  7- 9 || total
---------------------------+-------+-------+-------++-------
  Melee: Falchion          |   104 |    32 |       ||   136
         War axe           |       |    64 |    88 ||   152
         Unarmed           |       |     1 |       ||     1
  Evoke: Wand              |       |     1 |       ||     1
    Use: Scroll            |       |     6 |     1 ||     7
         Potion            |       |       |     1 ||     1
 Armour: Ring mail         |    67 |    52 |    86 ||   205
         Skin              |       |     1 |       ||     1
  Dodge: Dodged            |    70 |    56 |    81 ||   207
